 Dungeon Crawl Stone Soup version 0.27.1-3-gb3d3a73c9e (webtiles) character file.

Game seed: 12983962355195908767

23694 Crownlay the Spear-Bearer (level 12, -3/112 HPs)
             Began as a Minotaur Gladiator on Oct 30, 2021.
             Was the Champion of Nemelex Xobeh.
             Slain by a catoblepas (19 damage)
             ... on level 2 of the Lair of Beasts.
             The game lasted 00:32:53 (14788 turns).

Crownlay the Spear-Bearer (Minotaur Gladiator)     Turns: 14788, Time: 00:32:54

Health: -3/112     AC:  8    Str: 23    XL:     12   Next: 74%
Magic:  19/19      EV: 13    Int:  5    God:    Nemelex Xobeh [******]
Gold:   651        SH:  8    Dex: 19    Spells: 11/11 levels left

rFire    . . .     SeeInvis .   y - +0 trident "Ashreetul" {vamp, rN+}
rCold    . . .     Faith    .   f - +2 buckler
rNeg     + . .     Spirit   .   u - +0 troll leather armour
rPois    .         Reflect  .   n - +1 hat {Will+}
rElec    .         Harm     .   h - +0 cloak
rCorr    .         Rampage  .   (no gloves)
Will     +....                  (no boots)
Stlth    +.........             t - amulet of the acrobat
HPRegen  1.28/turn              p - ring of flight
MPRegen  0.16/turn              M - +6 ring of dexterity

@: flying
A: horns 2, retaliatory headbutt
a: Renounce Religion, Draw Escape, Draw Destruction, Draw Summoning, Triple
Draw, Deal Four, Stack Five


You were on level 2 of the Lair of Beasts.
You worshipped Nemelex Xobeh.
Nemelex Xobeh was exalted by your worship.
You visited 2 branches of the dungeon, and saw 15 of its levels.
You also visited: Ossuary.

You collected 938 gold pieces.
You spent 287 gold pieces at shops.

Inventory:

Hand Weapons
 y - the +0 trident "Ashreetul" (weapon) {vamp, rN+}
   (You bought it in a shop on level 3 of the Dungeon)

   It occasionally heals its wielder for a portion of the damage dealt when it
   wounds a living foe.
   rN:        It protects you from negative energy.
Armour
 d - a +2 kite shield of protection
 f - a +2 buckler (worn)
 h - a +0 cloak (worn)
 n - a +1 hat of willpower (worn)
 u - a +0 troll leather armour (worn)
 K - the +0 ring mail of Shielding {-Tele rPois Will+ rCorr}
   (You found it on level 10 of the Dungeon)

   rPois:     It protects you from poison.
   -Tele:     It prevents most forms of teleportation.
   rCorr:     It protects you from acid and corrosion.
   Will:      It increases your willpower.
Jewellery
 p - a ring of flight (left hand)
 t - an amulet of the acrobat (around neck)
 M - a +6 ring of dexterity (right hand)
 N - a ring of protection from cold
 R - a ring of positive energy
Wands
 a - a wand of digging (8)
 b - a wand of polymorph (3)
 m - a wand of mindburst (29)
 F - a wand of flame (48)
 G - a wand of charming (14)
Scrolls
 c - a scroll of blinking
 g - 3 scrolls of magic mapping
 l - 3 scrolls of teleportation
 r - 3 scrolls of holy word
 s - 2 scrolls of acquirement {unknown}
 w - 2 scrolls of summoning
 A - 2 scrolls of fear
 B - 2 scrolls of enchant weapon
 C - 3 scrolls of fog
 I - a scroll of enchant armour {unknown}
 J - a scroll of silence {unknown}
 O - a scroll of immolation {unknown}
 P - a scroll of amnesia {unknown}
 Q - a scroll of brand weapon {unknown}
Potions
 e - 4 potions of curing
 i - 2 potions of attraction {unknown}
 j - 2 potions of brilliance {unknown}
 k - 2 potions of experience {unknown}
 o - 2 potions of invisibility {unknown}
 q - 2 potions of lignification {unknown}
 v - 3 potions of haste
 x - a potion of magic {unknown}
 z - 2 potions of mutation {unknown}
 D - 4 potions of heal wounds
 E - 3 potions of cancellation {unknown}
 H - a potion of flight {unknown}
 L - 2 potions of degeneration {unknown}


   Skills:
 - Level 12.0 Fighting
 - Level 14.0 Polearms
 - Level 3.9 Throwing
 * Level 9.2 Armour
 - Level 3.2 Dodging
 - Level 4.0 Shields
 + Level 10.7 Invocations
 + Level 5.3 Evocations


You had 11 spell levels left.
You didn't know any spells.
Your spell library contained the following spells:

 Spells                   Type           Power      Damage    Failure   Level
 Animate Skeleton         Necr           0%         N/A       52%         1
 Corona                   Hex            0%         N/A       52%         1
 Magic Dart               Conj           0%         1d3       52%         1
 Pain                     Necr           0%         1d4       52%         1
 Shock                    Conj/Air       0%         1d3       52%         1
 Summon Small Mammal      Summ           0%         N/A       52%         1
 Corpse Rot               Necr/Air       N/A        N/A       65%         2
 Ensorcelled Hibernation  Hex/Ice        0%         N/A       65%         2
 Searing Ray              Conj           0%         3d3       65%         2
 Call Canine Familiar     Summ           0%         N/A       87%         3
 Dazzling Flash           Conj/Hex       0%         N/A       87%         3
 Frozen Ramparts          Ice            0%         1d2       87%         3
 Summon Guardian Golem    Hex/Summ       0%         N/A       87%         3
 Swiftness                Air            0%         N/A       87%         3
 Tukima's Dance           Hex            0%         N/A       87%         3
 Vampiric Draining        Necr           0%         2d6       87%         3
 Airstrike                Air            0%         N/A       99%         4
 Dispel Undead            Necr           0%         3d6       99%         4
 Fulminant Prism          Conj/Hex       0%         3d6       99%         4
 Ice Form                 Ice/Tmut       0%         N/A       99%         4
 Iskenderun's Mystic Bla  Conj/Tloc      0%         2d3       99%         4
 Passage of Golubria      Tloc           N/A        N/A       99%         4
 Summon Ice Beast         Ice/Summ       0%         N/A       99%         4
 Yara's Violent Unravell  Hex/Tmut       0%         3d3       100%        5
 Death Channel            Necr           0%         N/A       100%        6
 Starburst                Conj/Fire      0%         6d3       100%        6


Dungeon Overview and Level Annotations

Branches:
Dungeon (13/15)            Temple (0/1) D:6            Lair (2/6) D:9
    Orc (0/2) D:12        Ossuary (visited)
  Swamp: Lair:2-4    Shoals: Lair:2-4     Snake: Lair:2-4    Spider: Lair:2-4
 Vaults: D:13-14

Altars:
Ashenzari
Hepliaklqana
Kikubaaqudgha
Nemelex Xobeh
Okawaru
Ru
Yredelemnul
Zin

Shops:
D:3 (   D:4 ?

Annotations:
D:5 1 runed translucent door


Innate Abilities, Weirdness & Mutations

You have a pair of horns on your head.
You reflexively headbutt those who attack you in melee.


Message History

The catoblepas gores you but does no damage.
The catoblepas gores you!! x2
The catoblepas gores you! The catoblepas gores you!!
* * * LOW HITPOINT WARNING * * *
The catoblepas barely misses you.
You turn to flesh and can move again.
You are too injured to fight recklessly!
You are too injured to fight recklessly!
You hit the catoblepas but do no damage.
You headbutt the catoblepas!
The catoblepas is severely wounded.
The catoblepas breathes a plume of calcifying dust at you.
The blast of calcifying dust hits you but does no damage.
The catoblepas barely misses you.
You hit the catoblepas but do no damage.
The catoblepas is severely wounded.
The catoblepas gores you!
* * * LOW HITPOINT WARNING * * *
You hit the catoblepas but do no damage.
You headbutt the catoblepas.
The catoblepas is almost dead.
You hit the catoblepas but do no damage.
You headbutt the catoblepas, but do no damage.
The catoblepas is almost dead.
The catoblepas breathes a plume of calcifying dust at you.
The blast of calcifying dust hits you.
* * * LOW HITPOINT WARNING * * *
The catoblepas gores you.
* * * LOW HITPOINT WARNING * * *
You hit the catoblepas but do no damage.
You headbutt the catoblepas.
The catoblepas is almost dead.
You hit the catoblepas. You headbutt the catoblepas.
The catoblepas is almost dead.
The catoblepas gores you.
* * * LOW HITPOINT WARNING * * *
You draw a card...
You have drawn the Pentagram.
The catoblepas gores you!!
You die...
Your body disappears without a glow.

#### P ## #P.# ### ###
..###.###..###.#######P#
..........§.............
.........§.P##...##.....
#.
P##...@§.#########.....
.^ #..hY§.# ##.... .^
##4....# #.... ..
#......# #..## #
#......# ##..P. .
##.)...# #P.... # ##
#.....# #....P #####.###
# ....... #≈≈♣....
........#.. #......#
#P♣♣P♣..


You could see a catoblepas (ally target), a friendly hellwing (summoned) and a
friendly hell hound (summoned).

Vanquished Creatures
  Gastronok (D:10)
  Azrael (D:13)
  4 two-headed ogres
  A tengu warrior (D:9)
  A swamp dragon (shapeshifter) (D:13)
  3 cyclopes
  A moth of wrath (shapeshifter) (D:13)
  Maggie (Lair:2)
  2 komodo dragons
  6 cane toads
  A rime drake (Lair:1)
  An efreet (D:11)
  6 trolls
  A polar bear (Lair:2)
  Grinder (D:6)
  5 slime creatures (D:12)
  A wraith (D:12)
  A shadow (D:9)
  A basilisk (D:11)
  A vampire (D:11)
  3 wyverns
  21 yaks
  3 fire elementals (D:13)
  2 vampire mosquitoes (D:11)
  An acid dragon (D:12)
  5 water moccasins
  A hell hound (D:13)
  2 black bears
  4 orc warriors
  2 ice beasts (D:6)
  A sky beast (D:7)
  4 centaurs
  An ogre (D:4)
  7 wolves
  A phantom (D:6)
  5 bullfrogs
  2 kobold brigands
  2 wyvern zombies (D:7)
  A gnoll sergeant (D:6)
  A water moccasin zombie (D:6)
  2 scorpions
  3 water moccasin skeletons
  4 killer bees (D:7)
  5 wights (D:6)
  5 howler monkeys
  7 electric eels
  5 centaur zombies
  5 hounds
  2 bullfrog skeletons (D:5)
  4 orc priests
  A centaur skeleton (D:5)
  2 jellies
  3 iguanas
  Jessica (D:2)
  A gnoll shaman (D:8)
  7 orc wizards
  3 hound skeletons
  5 mummies (Ossuary)
  2 howler monkey zombies
  10 gnolls
  4 adders
  A shadow imp (D:8)
  A white imp (D:4)
  An ufetubus (D:4)
  A worm (D:2)
  2 dart slugs (D:3)
  45 orcs
  9 bats
  6 endoplasms
  2 giant cockroaches
  6 goblins
  8 hobgoblins
  12 jackals
  13 kobolds
  5 quokkas
  4 ball pythons
  5 frilled lizards
  2 hobgoblin zombies (Ossuary)
  7 rats
320 creatures vanquished.

Vanquished Creatures (collateral kills)
  A hydra (Lair:1)
  A dream sheep (shapeshifter) (D:12)
  A hell hound (D:13)
  Ijyb (D:3)
  An adder (D:3)
5 creatures vanquished.

Vanquished Creatures (others)
  5 fungi
  5 plants (Lair:2)
10 creatures vanquished.

Grand Total: 335 creatures vanquished

Notes
Turn   | Place    | Note
-------+----------+-------------------------------------------
     0 | D:1      | Crownlay the Minotaur Gladiator began the quest for the
                  | Orb.
     0 | D:1      | Reached XP level 1. HP: 18/18 MP: 0/0
   154 | D:1      | Reached skill level 4 in Polearms
   177 | D:1      | Reached XP level 2. HP: 17/25 MP: 1/1
   343 | D:1      | Found a faded altar of an unknown god.
   646 | D:1      | Reached skill level 1 in Shields
   827 | D:1      | Became a worshipper of Nemelex Xobeh the Trickster
   827 | D:1      | Reached * piety under Nemelex Xobeh
   849 | D:2      | Reached XP level 3. HP: 31/31 MP: 2/2
   912 | D:2      | Noticed Jessica
   914 | D:2      | Killed Jessica
  1002 | D:2      | Reached XP level 4. HP: 38/38 MP: 3/3
  1259 | D:2      | Found a basalt altar of Yredelemnul.
  1356 | D:2      | Received a gift from Nemelex Xobeh
  1568 | D:3      | Reached ** piety under Nemelex Xobeh
  1916 | D:3      | Found Arax's Antique Weapon Emporium.
  2057 | D:3      | Noticed Ijyb
  2057 | D:3      | Paralysed by Ijyb for 6 turns
  2067 | D:3      | Killed Ijyb
  2068 | D:3      | Reached XP level 5. HP: 42/45 MP: 4/4
  2117 | D:3      | Reached skill level 5 in Polearms
  2424 | D:3      | Found an ancient bone altar of Kikubaaqudgha.
  2511 | D:4      | Found a hazy altar of Hepliaklqana.
  2769 | D:4      | Found a glowing silver altar of Zin.
  2785 | D:4      | HP: 2/46 [orc (5)]
  2786 | D:4      | Reached skill level 6 in Polearms
  3093 | D:4      | Reached XP level 6. HP: 52/52 MP: 5/5
  3129 | D:4      | Found Zywkaoq's Magic Scroll Emporium.
  3156 | D:4      | Bought a scroll of identify for 24 gold pieces
  3359 | D:4      | Reached *** piety under Nemelex Xobeh
  3568 | D:5      | Entered Level 5 of the Dungeon
  3587 | D:5      | Identified the +3 flail of Spontaneous Combustion {venom,
                  | +Rage rElec rC+}
  4053 | D:5      | Found a broken altar of Ashenzari.
  4061 | D:5      | Reached skill level 7 in Polearms
  4120 | D:5      | Noticed a troll
  4349 | D:4      | Reached skill level 5 in Fighting
  4349 | D:4      | Reached XP level 7. HP: 12/61 MP: 6/6
  4352 | D:4      | Killed a troll
  4353 | D:4      | Reached skill level 8 in Polearms
  4656 | D:5      | Reached skill level 9 in Polearms
  4670 | D:5      | Found an iron altar of Okawaru.
  4732 | D:5      | Found a runed translucent door.
  4732 | D:5      | Noticed a human
  4737 | D:5      | Found a basalt altar of Yredelemnul.
  4933 | D:6      | Reached XP level 8. HP: 71/71 MP: 7/7
  4962 | D:6      | Reached skill level 1 in Invocations
  4977 | D:6      | Noticed Grinder
  4989 | D:6      | Killed Grinder
  4990 | D:6      | Reached skill level 10 in Polearms
  5158 | D:6      | Received a gift from Nemelex Xobeh
  5529 | D:3      | Bought a masterwork trident for 263 gold pieces
  5529 | D:3      | Identified the +0 trident "Ashreetul" {vamp, rN+} (You
                  | bought it in a shop on level 3 of the Dungeon)
  6025 | D:6      | Found a staircase to the Ecumenical Temple.
  6063 | D:6      | Reached skill level 11 in Polearms
  6120 | D:6      | Reached XP level 9. HP: 77/77 MP: 10/10
  6233 | D:6      | Reached **** piety under Nemelex Xobeh
  6378 | D:6      | Received a gift from Nemelex Xobeh
  6736 | D:7      | Found a sand-covered staircase.
  6771 | Ossuary  | Entered an ossuary
  7013 | D:7      | Reached skill level 12 in Polearms
  7116 | D:7      | Reached skill level 5 in Invocations
  7450 | D:7      | Received a gift from Nemelex Xobeh
  7735 | D:8      | Noticed a two-headed ogre
  7743 | D:8      | Killed a two-headed ogre
  7744 | D:8      | Reached skill level 13 in Polearms
  7750 | D:8      | Reached ***** piety under Nemelex Xobeh
  7750 | D:8      | Received a gift from Nemelex Xobeh
  8013 | D:8      | Reached XP level 10. HP: 75/84 MP: 13/13
  8244 | D:8      | Found a sacrificial altar of Ru.
  8547 | D:9      | Reached skill level 14 in Polearms
  8891 | D:9      | Noticed a two-headed ogre
  8898 | D:9      | Killed a two-headed ogre
  9107 | D:9      | Noticed a tengu warrior
  9108 | D:9      | Noticed a tengu warrior
  9192 | D:9      | Killed a tengu warrior
  9193 | D:9      | Reached XP level 11. HP: 67/95 MP: 16/16
  9195 | D:9      | a tengu warrior changed into something unseen
  9591 | D:9      | Noticed a two-headed ogre
  9603 | D:9      | Killed a two-headed ogre
  9734 | D:9      | Found a staircase to the Lair.
  9906 | D:10     | Entered Level 10 of the Dungeon
  9958 | D:10     | Received a gift from Nemelex Xobeh
 10061 | D:10     | Noticed Gastronok
 10093 | D:10     | Killed Gastronok
 10094 | D:10     | Reached skill level 5 in Armour
 10291 | D:10     | Identified the +0 ring mail of Shielding {-Tele rPois Will+
                  | rCorr}
 10444 | D:10     | Received a gift from Nemelex Xobeh
 10464 | D:10     | Reached skill level 10 in Fighting
 11108 | D:11     | Reached skill level 1 in Evocations
 11205 | D:11     | Received a gift from Nemelex Xobeh
 11758 | D:12     | Noticed a two-headed ogre
 11875 | D:12     | Killed a two-headed ogre
 12184 | D:12     | Found a staircase to the Orcish Mines.
 12321 | D:12     | Reached XP level 12. HP: 77/110 MP: 18/18
 12766 | D:13     | Received a gift from Nemelex Xobeh
 12960 | D:13     | Noticed Azrael
 12975 | D:13     | HP: 3/111 [hell hound[Azrael] (9)]
 12976 | D:13     | Killed Azrael
 13114 | D:12     | HP: 2/112 [deep troll (glowing shapeshifter) (9)]
 13277 | Lair:1   | Entered Level 1 of the Lair of Beasts
 13446 | Lair:1   | Noticed an eight-headed hydra
 13452 | Lair:1   | Killed an eight-headed hydra
 13484 | Lair:1   | Reached skill level 10 in Invocations
 14245 | Lair:2   | Noticed Maggie
 14262 | Lair:2   | Killed Maggie
 14263 | Lair:2   | Reached skill level 5 in Evocations
 14730 | Lair:2   | Reached ****** piety under Nemelex Xobeh
 14734 | Lair:2   | Received a gift from Nemelex Xobeh
 14749 | Lair:2   | Noticed a catoblepas
 14755 | Lair:2   | Identified the -2 hand axe of Excruciating Pain {freeze,
                  | Dex+2}
 14788 | Lair:2   | Slain by a catoblepas

Illustrated notes

Levels and vault maps discovered:
D:1:      dpeg_arrival_round_b, layout_rooms,
          shapermc_ecumenical_altar_totnotflames, chequers_avenue
D:2:      layout_loops_cross, basic_altar, uniq_jessica
D:3:      layout_loops_corners, lemuel_round_altar, serial_shops,
          nicolae_shop_overgrown_old_shop, minivault_4, uniq_ijyb
D:4:      layout_basic, mainiacjoe_overflow_chevrons, zin_treasury,
          serial_shops, shop
D:5:      layout_cave_pools, dk_yredelemnul_ordeal, okawaru_trees_1,
          cheibrodos_ashenzari_chains
D:6:      layout_layer_cave, minmay_temple_entry_mini_moons, uniq_grinder
D:7:      layout_loops_corners, nicolae_ossuary_entry_false_entrances
D:8:      layout_basic, mainiacjoe_overflow_cross_hatched,
          minmay_tree_intersection
D:9:      layout_basic, erik_lair_island, hangedman_abyss_or_decor_clamps
D:10:     layout_loops_corners, uniq_gastronok
D:11:     layout_irregular_city, kennysheep_minor_cross
D:12:     layout_loops_ring, hiddenorc1_lemuel
D:13:     layout_basic, david_vaults_2, nicolae_trove_entry_crystal,
          chequers_serial_rivers_room_b, onia_ninara_dug_in_and_dangerous,
          uniq_azrael
Lair:1:   layout_misc_corridors, grunt_megastairs_5, serial_bayou_shore_b,
          infiniplex_staircase_pool, serial_bayou_shore_b
Lair:2:   layout_chaotic_city, nicolae_spider_entry_orb_guardian,
          serial_bayou_lagoon_b, lemuel_fruit_tree, uniq_maggie

Skill      XL: |  1  2  3  4  5  6  7  8  9 10 11 12 |
---------------+-------------------------------------+-----
Polearms       | 4 6 7 9 11 13 14 | 14.0
Fighting       | 3 4 5 6 8 11 12 | 12.0
Shields        | 1 3 4 |  4.0
Invocations    | 3 6 9 10 | 10.7
Armour         | 3 6 9 |  9.2
Throwing       | 3 |  3.9
Evocations     | 2 5 |  5.3
Dodging        | |  3.2

Action                   |  1- 3 |  4- 6 |  7- 9 | 10-12 || total
-------------------------+-------+-------+-------+-------++-------
Melee: Trident           |    65 |   153 |   306 |   869 ||  1393
       Headbutt          |     9 |    21 |    48 |   205 ||   283
       Unarmed           |       |       |     5 |       ||     5
Throw: Throwing net      |       |       |     1 |     6 ||     7
       Dart              |       |       |       |     1 ||     1
Invok: Draw Summoning    |       |     1 |       |     5 ||     6
       Draw Destruction  |       |     2 |     3 |     4 ||     9
       Draw Escape       |       |       |       |     3 ||     3
       Triple Draw       |       |       |       |     1 ||     1
Evoke: Wand              |       |       |       |    14 ||    14
  Use: Scroll            |       |     3 |     1 |    12 ||    16
       Potion            |       |       |       |     6 ||     6
 Stab: Sleeping          |     1 |     4 |       |     6 ||    11
       Held in net/web   |       |       |       |     7 ||     7
       Distracted        |       |       |       |     1 ||     1
Armor: Leather armour    |    18 |    25 |       |       ||    43
       Troll leather arm |       |       |    39 |    83 ||   122
Dodge: Dodged            |    30 |    78 |   118 |   258 ||   484
Block: Buckler           |       |    31 |    70 |   152 ||   253
